 Dungeon Crawl Stone Soup version 0.31-a0-435-g2c6fae2916 (webtiles) character file.

Game seed: 12733120114711550961

659 randomguy2701 the Gusty (level 7, -3/37 HPs)
             Began as a Tengu Air Elementalist on Aug 2, 2023.
             Was an Initiate of Gozag.
             Slain by an ogre
             ... wielding a +0 giant spiked club
              (40 damage)
             ... on level 5 of the Dungeon.
             The game lasted 00:18:26 (7769 turns).

randomguy2701 the Gusty (Tengu Air Elementalist)    Turns: 7769, Time: 00:18:27

Health: -3/37      AC:  2    Str:  8    XL:     7   Next: 55%
Magic:  7/15       EV: 15    Int: 17    God:    Gozag
Gold:   480        SH:  0    Dex: 15    Spells: 9/16 levels left

rFire   . . .        A - +8 frozen axe "Frostbite" {freeze, freezing cloud, *Noise Fly rC+}
rCold   + . .        (shield currently unavailable)
rNeg    . . .        a - +0 robe
rPois   .            (helmet restricted)
rElec   .            (no cloak)
rCorr   .            (no gloves)
SInv    .            (boots unavailable)
Will    .....        (no amulet)
Stlth   ++           (no ring)
HPRegen 0.26/turn    (no ring)
MPRegen 0.14/turn

%: no passive effects
@: flying quickly and evasively, quick
A: beak, talons 3, nimble flight
a: Renounce Religion, Potion Petition, Call Merchant, Bribe Branch


You were on level 5 of the Dungeon.
You worshipped Gozag.
Gozag was aware of your devotion.
You visited 2 branches of the dungeon, and saw 6 of its levels.

You collected 555 gold pieces.
You paid 75 gold pieces to Gozag.

Inventory:

Hand Weapons
 A - the +8 frozen axe "Frostbite" (weapon) {freeze, freezing cloud, *Noise Fly rC+}
   (You found it on level 3 of the Dungeon)

   rC:        It protects you from cold.
   Fly:       It grants you flight.
   *Noise:    It may make noises in combat.
Missiles
 y - a throwing net
Armour
 a - a +0 robe (worn)
Jewellery
 q - a ring of magical power
 u - a +4 ring of slaying
Scrolls
 c - 2 scrolls of fog {unknown}
 d - a scroll of blinking {unknown}
 f - 2 scrolls of teleportation {unknown}
 h - a scroll of identify
 j - a scroll of amnesia {unknown}
 m - a scroll of enchant weapon {unknown}
 n - 3 scrolls of enchant armour {unknown}
 o - a scroll of immolation {unknown}
 r - a scroll of poison
 t - a scroll of acquirement {unknown}
 v - a scroll of fear {unknown}
 x - a scroll of revelation {unknown}
Potions
 b - a potion of magic
 e - 4 potions of might
 g - 2 potions of resistance
 i - a potion of degeneration
 k - a potion of heal wounds
 l - a potion of berserk rage
 p - a potion of mutation
 s - a potion of lignification
 w - a potion of enlightenment {unknown}
 z - a potion of brilliance {unknown}
 B - a potion of cancellation {unknown}
 C - a potion of invisibility {unknown}


   Skills:
 + Level 0.7 Fighting
 + Level 1.5 Axes
 * Level 2.8 Dodging
 * Level 2.7 Stealth
 + Level 0.1 Unarmed Combat
 + Level 5.1 Spellcasting
 + Level 2.7 Conjurations
 + Level 7.3 Air Magic


You had 9 spell levels left.
You knew the following spells:

 Your Spells              Type           Power      Damage    Failure   Level
a - Shock                 Conj/Air       84%        1d8       1%          1
b - Static Discharge      Conj/Air       42%        2-4/arc   2%          2
c - Airstrike             Air            14%        2d(3-19)  7%          4

Your spell library contained the following spells:

 Spells                   Type           Power      Damage    Failure   Level
 Swiftness                Air            29%        N/A       1%          3
 Momentum Strike          Conj/Tloc      16%        3d8       12%         2
 Blink                    Tloc           8%         N/A       22%         2
 Ensorcelled Hibernation  Hex/Ice        8%         N/A       22%         2
 Lesser Beckoning         Tloc           8%         N/A       22%         2
 Passwall                 Tmut/Erth      3%         N/A       22%         2
 Gell's Gravitas          Tloc           4%         N/A       38%         3
 Teleport Other           Tloc           4%         N/A       38%         3
 Borgnjor's Vile Clutch   Necr/Erth      2%         N/A       98%         5
 Death Channel            Necr           2%         N/A       100%        6
 Dispersal                Tloc           2%         N/A       100%        6
 Animate Dead             Necr           Unusable   N/A       N/A         4

Dungeon Overview and Level Annotations

Branches:
Dungeon (5/15)             Temple (1/1) D:4

Altars:
Ashenzari
Cheibriados
Dithmenos
Elyvilon
Fedhas
Gozag
Hepliaklqana
Kikubaaqudgha
Makhleb
Nemelex Xobeh
Okawaru
Qazlal
Ru
Sif Muna
Trog
Uskayaw
Vehumet
Wu Jian
Xom
Yredelemnul
Zin
The Shining One

Annotations:
D:5 Pikel


Innate Abilities, Weirdness & Mutations

You have a beak for a mouth.
You have claws for feet.
Your magical nature lets you fly swiftly and evasively.


Message History

There is a fountain of clear blue water here.
There is a fountain of clear blue water here.
There is a stone staircase leading down, spattered with blood here.
You fly downwards.
Level annotation: Pikel
There is a stone staircase leading up, spattered with blood here.
Found a dagger.
You see here a +0 dagger.
There is a stone staircase leading up here.
You see here a +0 falchion.
You now have 465 gold pieces (gained 6).
You see here a staff of earth.
C - a golden potion
Found a leather armour.
You now have 480 gold pieces (gained 15).
An ogre comes into view. It is wielding a +0 giant spiked club.
The zap hits the ogre.
The ogre is lightly wounded.
The ogre shouts!
The zap hits the ogre.
The ogre is lightly wounded.
An ogre breaks down the large door.
The zap hits the ogre!
The ogre is moderately wounded.
The zap hits the ogre.
The ogre is heavily wounded.
The zap hits the ogre.
The ogre is severely wounded.
The zap misses the ogre.
The zap hits the ogre.
The ogre is severely wounded.
The zap hits the ogre.
The ogre is almost dead.
The ogre misses you.
The zap hits the ogre.
The ogre is almost dead.
The ogre hits you with a +0 giant spiked club!!!
Ouch! That really hurt!
You die...
Your body crumbles into a pile of gold.

#.....#..#.#.##...
#.....#....#.#####
#.....#.####......
#.....#.. ........
#########.....#...........
............#''...........
#..............K........
#.......................
#......@O.....|.........
#.............. ........
#.............. ........
#.............. ........
#............## ########
#...........[#
#............#
#............#


You could see an ogre.

Vanquished Creatures
  An ogre (D:5)
  2 lemures (D:4)
  A phantom (D:4)
  A scorpion (D:5)
  5 hounds
  An orc wizard (D:3)
  10 gnolls
  6 adders
  A worm (D:2)
  A dart slug (D:2)
  6 orcs
  8 endoplasms
  6 giant cockroaches
  11 goblins
  15 hobgoblins
  10 jackals (D:2)
  5 quokkas
  8 ball pythons
  4 bats
  2 frilled lizards (D:1)
  6 kobolds
  5 rats
115 creatures vanquished.

Notes
Turn   | Place    | Note
-------+----------+-------------------------------------------
     0 | D:1      | randomguy2701 the Tengu Air Elementalist began the quest
                  | for the Orb.
     0 | D:1      | Reached XP level 1. HP: 10/10 MP: 4/4
   161 | D:1      | Found a faded altar of an unknown god.
   167 | D:1      | Reached XP level 2. HP: 15/15 MP: 3/6
   567 | D:1      | Reached skill level 5 in Air Magic
   703 | D:1      | Reached XP level 3. HP: 19/19 MP: 4/7
  1904 | D:2      | Reached XP level 4. HP: 17/24 MP: 1/8
  2247 | D:2      | Found an ancient bone altar of Kikubaaqudgha.
  3046 | D:2      | You fall into a shaft and drop 2 floors!
  3189 | D:4      | Noticed a phantom
  3206 | D:4      | Killed a phantom
  3207 | D:4      | Gained mutation: Your magical nature lets you fly swiftly
                  | and evasively. [Tengu growth]
  3207 | D:4      | Reached XP level 5. HP: 2/28 MP: 0/11
  3337 | D:4      | Reached skill level 6 in Air Magic
  3398 | D:4      | Reached XP level 6. HP: 32/32 MP: 5/13
  3835 | D:4      | Found a radiant altar of Vehumet.
  3836 | D:4      | Found an opulent altar of Gozag.
  4051 | D:4      | Found a staircase to the Ecumenical Temple.
  4076 | Temple   | Entered the Ecumenical Temple
  4162 | D:4      | Became a worshipper of Gozag Ym Sagoz the Greedy
  4806 | D:3      | Identified the +7 leather armour of Qaukaiko {-Tele rElec
                  | Str+2}
  5324 | D:3      | Found the +8 frozen axe "Frostbite" {freeze, freezing
                  | cloud, *Noise Fly rC+}
  5651 | D:3      | Reached XP level 7. HP: 37/37 MP: 9/15
  5829 | D:3      | Reached skill level 7 in Air Magic
  6488 | D:5      | Entered Level 5 of the Dungeon
  7025 | D:5      | Learned a level 2 spell: Static Discharge
  7030 | D:5      | Learned a level 4 spell: Airstrike
  7140 | D:5      | Reached skill level 5 in Spellcasting
  7376 | D:5      | Noticed Pikel
  7406 | D:5      | Reached skill level 1 in Axes
  7769 | D:5      | Slain by an ogre

Illustrated notes

Levels and vault maps discovered:
D:1:      dpeg_arrival_ternary, layout_basic, ebering_ecumenical_altar_box
D:2:      layout_basic, basic_altar, chequers_serial_rivers_micro_d,
          minmay_quadrilaterals
D:3:      kennysheep_the_goblin_king, layout_basic, minmay_bisected
D:4:      layout_layer_cave, gammafunk_temple_overflow_statue,
          minmay_temple_entry_nine_rooms
D:5:      layout_basic, uniq_pikel
Temple:   nicolae_temple_slightly_damp_pantheon

Skill      XL: |  1  2  3  4  5  6  7 |
---------------+----------------------+-----
Air Magic      | 5 6 7 |  7.3
Conjurations   | 2 |  2.7
Spellcasting   | 3 4 5 |  5.1
Axes           | 1 |  1.5
Fighting       | |  0.7
Dodging        | |  2.8
Stealth        | |  2.7
Unarmed Combat | |  0.1

Action                     |  1- 3 |  4- 6 |  7- 9 || total
---------------------------+-------+-------+-------++-------
  Melee: Unarmed           |    11 |    13 |       ||    24
         Kick              |     4 |     4 |     2 ||    10
         Peck              |     2 |     3 |     1 ||     6
         Punch             |       |     1 |       ||     1
         Executioner's axe |       |       |    10 ||    10
   Cast: Shock             |    84 |   168 |    86 ||   338
         Static Discharge  |       |       |     5 ||     5
    Use: Scroll            |       |       |     8 ||     8
 Armour: Robe              |     7 |     4 |     4 ||    15
  Dodge: Dodged            |    31 |    27 |    31 ||    89

Table legend: (Time is in decaauts)
 A = Elapsed time spent in this place.
 B = Non-inter-level travel time spent in this place.
 C = Inter-level travel time spent in this place.
 D = Time resting spent in this place.
 E = Time spent auto-exploring this place.
 F = Levels seen in this place.
 G = Mean time per level.
                   A        B        C        D        E       F      G
               +--------+--------+--------+--------+--------+-----+--------+
         Total |   7485 |   6975 |    510 |      0 |   6037 |   6 | 1247.5 |
       Dungeon |   7435 |   6975 |    460 |      0 |   6037 |   5 | 1487.0 |
        Temple |     50 |      1 |     49 |      0 |      0 |   1 |   50.0 |
               +--------+--------+--------+--------+--------+-----+--------+

Top non-repeatable levels by time:
     D:4: 2127 daAuts
     D:2: 1815 daAuts
     D:1: 1441 daAuts
     D:3: 1404 daAuts
     D:5: 646 daAuts
  Temple: 50 daAuts
